 Dungeon Sprint DCSS version 0.31-a0-743-g45f7035092 (webtiles) character file.

Game seed: 17907629499416837321

2264 sircluck the Grappler (level 9, -1/153 HPs)
             Began as a Troll Berserker on Sept 12, 2023.
             Was the Champion of Trog.
             Slain by a vampire mosquito (6 damage)
             ... in the Dungeon (Sprint VII: "The Pits").
             The game lasted 00:01:52 (723 turns).

sircluck the Grappler (Troll Berserker)              Turns: 723, Time: 00:01:53

Health: -1/153     AC:  5    Str: 34    XL:     9   Next: 16%
Magic:  8/8        EV: 13    Int:  3    God:    Trog [******]
Gold:   0          SH:  0    Dex: 12    Spells: 8/8 levels left

rFire   . .          .
                       - Unarmed
rCold   . . .        (no shield)
rNeg    . . .        n - +0 troll leather armour
rPois   .            (helmet restricted)
rElec   .            (no cloak)
rCorr   .            (gloves unavailable)
SInv    .            (boots unavailable)
Will    .....        (no amulet) Stlth
                     k - +3 ring of dexterity
HPRegen 2.05/turn    l - +3 ring of strength
MPRegen 0.11/turn

%: no teleportation
@: berserking (expiring), very quick
A: large, unfitting armour, claws 3, regeneration 1, shaggy fur 1, tough skin 1
a: Renounce Religion, Berserk, Trog's Hand, Brothers in Arms


You were in the Dungeon.
You worshipped Trog.
Trog was exalted by your worship.
You visited 1 branch

Inventory:

Armour
 a - a +0 animal skin
 m - a +0 cloak
 n - a +0 troll leather armour (worn)
Jewellery
 k - a +3 ring of dexterity (left claw)
 l - a +3 ring of strength (right claw)
Scrolls
 g - a scroll of blinking
 i - 2 scrolls of vulnerability
 j - a scroll of butterflies
Potions
 b - 11 potions of curing
 c - 9 potions of heal wounds
 d - 3 potions of haste
 e - 4 potions of magic
 f - 4 potions of berserk rage
 h - 2 potions of invisibility


   Skills:
 + Level 10.7 Fighting
 + Level 10.5 Dodging
 + Level 12.4 Unarmed Combat


You had 8 spell levels left.
You didn't know any spells.
Your spell library was empty.

Dungeon Overview and Level Annotations

Branches:
Dungeon (1/1)

Altars:
Ashenzari
Cheibriados
Dithmenos
Elyvilon
Fedhas
Gozag
Hepliaklqana
Kikubaaqudgha
Makhleb
Nemelex Xobeh
Okawaru
Qazlal
Ru
Sif Muna
Trog
Uskayaw
Vehumet
Wu Jian
Xom
Yredelemnul
Zin
The Shining One
Jiyva
Lugonu


Innate Abilities, Weirdness & Mutations

You are too large for most types of armour.
You have claws for hands.
Your natural rate of healing is unusually fast.
You are covered in fur. (AC +1)
You have tough skin. (AC +1)


Message History

The vampire mosquito bites you but does no damage. x2
You closely miss the vampire mosquito. You claw the vampire mosquito!!
The vampire mosquito is almost destroyed.
The vampire mosquito bites you.
* * * LOW HITPOINT WARNING * * *
The vampire mosquito draws strength from your injuries!
The vampire mosquito closely misses you.
You completely miss the vampire mosquito.
The vampire mosquito is almost destroyed.
The vampire mosquito bites you but does no damage.
The vampire mosquito bites you!
* * * LOW HITPOINT WARNING * * *
The vampire mosquito draws strength from your injuries!
You claw the vampire mosquito!
You destroy the vampire mosquito!
Trog accepts your kill. The vampire mosquito misses you.
You closely miss the vampire mosquito.
The vampire mosquito bites you but does no damage.
You scratch the vampire mosquito.
The vampire mosquito is lightly damaged.
The vampire mosquito bites you.
* * * LOW HITPOINT WARNING * * *
The vampire mosquito draws strength from your injuries!
The warg barely misses you.
You miss the vampire mosquito. The vampire mosquito barely misses you.
The warg bites you.
* * * LOW HITPOINT WARNING * * *
You barely miss the vampire mosquito.
The vampire mosquito bites you but does no damage.
You mangle the vampire mosquito!!
The vampire mosquito is severely damaged.
The vampire mosquito bites you!
* * * LOW HITPOINT WARNING * * *
The vampire mosquito draws strength from your injuries!
The warg closely misses you.
You closely miss the vampire mosquito.
The vampire mosquito is moderately damaged.
The vampire mosquito bites you.
You die...

'#####..†...#..#......#
.#..##................#
.)..#####'#####''######
##'###.......##''#####
....##.......##......#
....##.......##....###
'#####...<...##...##
))[.##.......##..##
))[.##.......##†@#
######.......##hy#
##..###########..+
.#.############..#
##)#....#...[##..#
.#)#....#..[[##..#
##.'....'..))##...
.#'#....#..))##...
)).#....#..))#


You could see a warg and a vampire mosquito.

Vanquished Creatures
  A deep elf pyromancer (D)
  Psyche (D)
  A troll (D)
  A guardian mummy (D)
  3 vampire mosquitoes (D)
  A warg (D)
  Duvessa (D)
  2 sky beasts (D)
  2 ogres (D)
  Dowan (D)
  A gnoll bouda (D)
  Terence (D)
  5 gnolls (D)
  2 river rats (D)
  3 ufetubi (D)
  An adder skeleton (D)
  2 orcs (D)
  2 ball pythons (D)
  An endoplasm (D)
  A giant cockroach (D)
  A goblin (D)
  A hobgoblin (D)
  2 jackals (D)
37 creatures vanquished.

Notes
Turn   | Place    | Note
-------+----------+-------------------------------------------
     0 | D        | sircluck the Troll Berserker began the quest for the Orb.
     0 | D        | Reached XP level 1. HP: 22/22 MP: 0/0
    49 | D        | Found a bloodstained altar of Trog.
    49 | D        | Found a shimmering blue altar of Sif Muna.
    49 | D        | Found a viscous altar of Jiyva.
    49 | D        | Found a hazy altar of Hepliaklqana.
    49 | D        | Found an opulent altar of Gozag.
    50 | D        | Found a glowing golden altar of the Shining One.
    50 | D        | Found a glowing silver altar of Zin.
    50 | D        | Found a basalt altar of Yredelemnul.
    50 | D        | Found a shimmering altar of Xom.
    50 | D        | Found an ornate altar of the Wu Jian Council.
    50 | D        | Found a sacrificial altar of Ru.
    50 | D        | Found a stormy altar of Qazlal.
    50 | D        | Found an iron altar of Okawaru.
    50 | D        | Found a sparkling altar of Nemelex Xobeh.
    50 | D        | Found a burning altar of Makhleb.
    50 | D        | Found a blossoming altar of Fedhas.
    50 | D        | Found a white marble altar of Elyvilon.
    50 | D        | Found a shadowy altar of Dithmenos.
    50 | D        | Found a snail-covered altar of Cheibriados.
    88 | D        | Found a corrupted altar of Lugonu.
    88 | D        | Found a radiant altar of Vehumet.
    89 | D        | Found a broken altar of Ashenzari.
    89 | D        | Found an ancient bone altar of Kikubaaqudgha.
    89 | D        | Found a hide-covered altar of Uskayaw.
    97 | D        | Reached ** piety under Trog
   122 | D        | Reached XP level 2. HP: 15/31 MP: 1/1
   152 | D        | Reached *** piety under Trog
   153 | D        | Reached skill level 4 in Unarmed Combat
   156 | D        | Reached XP level 3. HP: 9/39 MP: 2/2
   216 | D        | Reached **** piety under Trog
   244 | D        | Noticed Duvessa
   245 | D        | Noticed Dowan
   245 | D        | Noticed a sky beast
   245 | D        | Noticed Terence
   248 | D        | Noticed an ogre
   261 | D        | Reached skill level 5 in Unarmed Combat
   262 | D        | Reached XP level 4. HP: 18/49 MP: 3/3
   265 | D        | Killed Terence
   266 | D        | Reached skill level 5 in Fighting
   266 | D        | Reached skill level 5 in Dodging
   266 | D        | Reached skill level 6 in Unarmed Combat
   272 | D        | Reached ***** piety under Trog
   274 | D        | Reached XP level 5. HP: 28/57 MP: 4/4
   281 | D        | Killed Duvessa
   282 | D        | Reached skill level 7 in Unarmed Combat
   284 | D        | Killed Dowan
   285 | D        | Reached XP level 6. HP: 15/68 MP: 5/5
   286 | D        | Killed a sky beast
   287 | D        | Reached skill level 8 in Unarmed Combat
   294 | D        | Reached skill level 9 in Unarmed Combat
   428 | D        | Reached ****** piety under Trog
   430 | D        | Noticed a deep elf pyromancer
   438 | D        | Killed a deep elf pyromancer
   438 | D        | Received a gift from Trog
   439 | D        | Reached skill level 10 in Unarmed Combat
   439 | D        | Reached XP level 7. HP: 37/81 MP: 6/6
   486 | D        | Reached XP level 8. HP: 62/92 MP: 7/7
   521 | D        | Noticed Psyche
   521 | D        | Noticed a guardian mummy
   531 | D        | Killed a guardian mummy
   532 | D        | Reached skill level 11 in Unarmed Combat
   538 | D        | Killed Psyche
   539 | D        | Reached skill level 10 in Fighting
   539 | D        | Received a gift from Trog
   629 | D        | Noticed a troll
   645 | D        | Killed a troll
   646 | D        | Reached skill level 10 in Dodging
   646 | D        | Reached skill level 12 in Unarmed Combat
   707 | D        | Reached XP level 9. HP: 35/102 MP: 8/8
   722 | D        | HP: 4/153 [vampire mosquito (9)]
   723 | D        | Slain by a vampire mosquito

Illustrated notes

Levels and vault maps discovered:
D:        pitsprint [storerooms_1, entrance_room_1, metal_vault_6, armoury_2,
          mini_pit_1, grid_room_1, main_hall_1, silver_pit, the_coven_1,
          the_vestibule_1, steel_vault_3, golden_pit, hallway_of_sentries,
          crystal_vault_4, iron_vault_5, final_vault]

Skill      XL: |  1  2  3  4  5  6  7  8 |
---------------+-------------------------+-----
Fighting       | 3 4 5 6 8 9 10 | 10.7
Dodging        | 3 4 5 6 8 9 10 | 10.5
Unarmed Combat | 4 5 6 7 10 12 | 12.4

Action                     |  1- 3 |  4- 6 |  7- 9 || total
---------------------------+-------+-------+-------++-------
  Melee: Unarmed           |    41 |    34 |    48 ||   123
         Punch             |       |     3 |     3 ||     6
 Invoke: Berserk           |       |     1 |     2 ||     3
    Use: Potion            |       |       |     1 ||     1
 Armour: Animal skin       |    55 |    15 |    19 ||    89
         Troll leather arm |       |       |    41 ||    41
  Dodge: Dodged            |    42 |    11 |    43 ||    96

Table legend: (Time is in decaauts)
 A = Elapsed time spent in this place.
 B = Non-inter-level travel time spent in this place.
 C = Inter-level travel time spent in this place.
 D = Time resting spent in this place.
 E = Time spent auto-exploring this place.
 F = Levels seen in this place.
 G = Mean time per level.
                   A        B        C        D        E       F      G
               +--------+--------+--------+--------+--------+-----+--------+
         Total |    725 |    725 |      0 |    224 |    168 |   1 |  725.0 |
       Dungeon |    725 |    725 |      0 |    224 |    168 |   1 |  725.0 |
               +--------+--------+--------+--------+--------+-----+--------+

Top non-repeatable levels by time:
       D: 725 daAuts
